 Dungeon Sprint DCSS version 0.18-b1-16-g289874d (webtiles) character file.

169 otab the Covered (level 5, -2/46 HPs)
             Began as a Demonspawn Fighter on May 1, 2016.
             Was an Initiate of Nemelex Xobeh.
             Slain by an ogre
             ... wielding a +0 giant spiked club
              (22 damage)
             ... in the Dungeon (Sprint IX: "|||||||||||||||||||||||||||||").
             The game lasted 00:00:51 (508 turns).

otab the Covered (Demonspawn Fighter)                Turns: 508, Time: 00:00:51

Health: -2/46      AC:  9    Str: 25    XL:     5   Next: 25%
Magic:  5/5        EV:  9    Int: 10    God:    Nemelex Xobeh [......]
Gold:   0          SH: 11    Dex: 15    Spells: 0 memorised, 4 levels left

rFire  . . .     SeeInvis .     t - +2 scimitar (slice)
rCold  . . .     Gourm    .     q - +1 scale mail
rNeg   . . .     Faith    .     c - +0 shield
rPois  .         Spirit   .     (no helmet)
rElec  .         Dismiss  .     (no cloak)
rCorr  .         Reflect  .     (no gloves)
SustAt .         Harm     .     p - +0 pair of boots
MR     .....     NoTele   +     (no amulet)
Stlth  +.........               r - +3 ring of dexterity
                                s - +3 ring of strength

@: mighty, lethally poisoned (-2 -> -8), not resistant to hostile enchantments,
very unstealthy
A: nightstalker 1, powered by pain 1
a: Renounce Religion


You were in the Dungeon.
You worshipped Nemelex Xobeh.
Nemelex Xobeh was noncommittal.
You were not hungry.

You visited 1 branch

Inventory:

Hand Weapons
 a - a +0 long sword
 t - a +2 scimitar of slicing (weapon)
Armour
 b - a +0 scale mail
 c - a +0 shield (worn)
 p - a +0 pair of boots (worn)
 q - a +1 scale mail (worn)
Jewellery
 r - a +3 ring of dexterity (right hand)
 s - a +3 ring of strength (left hand)
Wands
 o - a wand of lightning (7/15)
Scrolls
 k - 2 scrolls of blinking
 m - 3 scrolls of remove curse
 n - 2 scrolls of amnesia
Potions
 d - a potion of might
 e - 5 potions of curing
 g - a potion of invisibility
 h - a potion of haste
 i - 4 potions of magic
 j - a potion of berserk rage
 l - a potion of heal wounds
Comestibles
 f - a bread ration


   Skills:
 + Level 5.8 Fighting
 + Level 4.3 Long Blades
 + Level 5.9 Armour
 + Level 2.3 Dodging
 + Level 5.5 Shields


You had 4 spell levels left.
You didn't know any spells.

Dungeon Overview and Level Annotations

Branches:
Dungeon (1/1)

Altars:
Cheibriados
Dithmenos
Elyvilon
Fedhas
Gozag
Kikubaaqudgha
Makhleb
Nemelex Xobeh
Okawaru
Pakellas
Qazlal
Ru
Sif Muna
Trog
Vehumet
Xom
Yredelemnul
Zin
The Shining One
Beogh
Jiyva
Lugonu


Innate Abilities, Weirdness & Mutations

You are slightly more attuned to the shadows.
You sometimes gain a little power by taking damage.


Message History

You kill the scorpion!
Your Long Blades skill increases to level 4!
Your Dodging skill increases to level 2!
You have reached level 5!
You feel sick.
Your shield and scale mail prevent you from hitting the ogre.
You feel sick.
The ogre hits you with a giant spiked club!
* * * LOW HITPOINT WARNING * * *
You focus on the pain.
You feel very mighty all of a sudden.
Unknown command.
You are too injured to fight recklessly!
Drink which item? (? for menu, Esc to quit)
You feel much better.
You feel sick. You block the ogre's attack.
Your shield prevents you from hitting the ogre.
You feel sick.
The ogre hits you with a giant spiked club!!
You die...
Your body disappears without a glow. ▓▓▓▓▓▓▓▓▓▓▓▓▓▓▓▓▓▓▓▓▓▓▓ _______'..|).[..@O..... ▓▓▓▓▓▓▓▓▓▓▓▓▓▓▓▓▓▓▓▓▓▓▓

You could see an ogre.

Vanquished Creatures
  A scorpion (D)
  A hound (D)
  An iguana (D)
  A worker ant (D)
  3 adders (D)
  A shadow imp (D)
  An orc (D)
  2 hobgoblins (D)
  A bat (D)
  A giant gecko skeleton (D)
  2 rats (D)
15 creatures vanquished.

Notes
Turn   | Place    | Note
--------------------------------------------------------------
     0 | D        | otab the Demonspawn Fighter began the quest for the Orb.
     0 | D        | Reached XP level 1. HP: 18/18 MP: 1/1
   213 | D        | Noticed an iguana
   217 | D        | Gained mutation: You are slightly more attuned to the shadows. [demonic ancestry]
   217 | D        | Reached XP level 2. HP: 24/25 MP: 2/2
   241 | D        | Gained mutation: You sometimes gain a little power by taking damage. [demonic ancestry]
   241 | D        | Reached XP level 3. HP: 12/31 MP: 3/3
   250 | D        | Found a glowing silver altar of Zin.
   250 | D        | Found a glowing golden altar of the Shining One.
   250 | D        | Found an ancient bone altar of Kikubaaqudgha.
   250 | D        | Found a basalt altar of Yredelemnul.
   250 | D        | Found a shimmering altar of Xom.
   251 | D        | Found a radiant altar of Vehumet.
   252 | D        | Found an iron altar of Okawaru.
   253 | D        | Found a burning altar of Makhleb.
   254 | D        | Found a deep blue altar of Sif Muna.
   255 | D        | Found a bloodstained altar of Trog.
   256 | D        | Found a sparkling altar of Nemelex Xobeh.
   257 | D        | Found a white marble altar of Elyvilon.
   258 | D        | Found a roughly hewn altar of Beogh.
   259 | D        | Found a viscous altar of Jiyva.
   260 | D        | Found a corrupted altar of Lugonu.
   261 | D        | Found a blossoming altar of Fedhas.
   262 | D        | Found a snail-covered altar of Cheibriados.
   263 | D        | Became a worshipper of Nemelex Xobeh the Trickster
   264 | D        | Found a shadowy altar of Dithmenos.
   265 | D        | Found a stormy altar of Qazlal.
   290 | D        | Found an opulent altar of Gozag.
   311 | D        | Found a sacrificial altar of Ru.
   321 | D        | Found an oddly glowing altar of Pakellas.
   477 | D        | Received a gift from Nemelex Xobeh
   477 | D        | Noticed a scorpion
   480 | D        | Noticed an ogre
   484 | D        | Reached skill level 1 in Dodging
   486 | D        | Reached skill level 5 in Fighting
   486 | D        | Reached skill level 5 in Armour
   486 | D        | Reached XP level 4. HP: 33/39 MP: 4/4
   491 | D        | Reached skill level 5 in Shields
   505 | D        | Reached XP level 5. HP: 17/46 MP: 5/5
   506 | D        | HP: 2/46 [ogre/giant spiked club (14)]
   508 | D        | Slain by an ogre

Skill      XL: |  1  2  3  4 |
---------------+-------------+-----
Armour         | 3 4 5 |  5.9
Shields        | 3 4 5 |  5.5
Fighting       | 4 5 |  5.8
Long Blades    | 2 3 4 |  4.3
Dodging        | 1 2 |  2.3

Action                   |  1- 3 |  4- 6 || total
-------------------------+-------+-------++-------
Melee: Long sword        |    44 |       ||    44
       Scimitar          |     9 |    21 ||    30
  Use: Potion            |     1 |     1 ||     2
Armor: Scale mail        |    14 |     5 ||    19
Dodge: Dodged            |    17 |     5 ||    22
Block: Shield            |    21 |    12 ||    33
